Workbook

Sheet EUR Prix
H2: APPROS EUROS €
B3: Prix Cryptos
H4: Dates | I4: Montant
H5: 44562 | I5: 0
B6: Name | C6: Value.USDT | D6: Value.EUR | H6: 44593 | I6: 0
B7: BTC | C7: 48942.54 | D7: 43329.17 | H7: 44621 | I7: 0
B8: ETH | C8: 4018.76 | D8: 3557.14 | H8: 44652 | I8: 0
B9: SOL | C9: 184.89 | D9: 163.62 | H9: 44682 | I9: 0
B10: ADA | C10: 1.351 | D10: 1.195 | H10: 44713 | I10: 0
B11: CRV | C11: 4.945 | D11: 4.377 | H11: 44743 | I11: 0
B12: MATIC | C12: 2.573 | D12: 2.278 | H12: 44774 | I12: 0
B13: DOT | C13: 26.56 | D13: 23.52 | H13: 44805 | I13: 0
B14: USDT | C14: 1 | D14: 0.8852 | H14: 44835 | I14: 0
B15: BNB | C15: 534.71 | D15: 473.33 | H15: 44866 | I15: 0
H16: 44896 | I16: 0

Sheet GLOBAL
B2: Capital départ | H2: € disponible | J2: Capital actuel | L2: Résumer | N2: % | O2: USDT
B4: =50000+'EUR Prix'!I5+'EUR Prix'!I6+'EUR Prix'!I7+'EUR Prix'!I8+'EUR Prix'!I9+'EUR Prix'!I10+'EUR Prix'!I11+'EUR Prix'!I12+'EUR Prix'!I13+'EUR Prix'!I14+'EUR Prix'!I15+'EUR Prix'!I16 -> 50000 | H4: 0 | J4: =G6+G11+G16+G26+G31+N6+G21+P4 -> 52431.67 | L4: =J4+H4-B4 -> 2431.6695 | N4: =(J4-B4)/B4 -> 0.048633391 | O4: 8073.4148 | P4: =O4*'EUR Prix'!D14 -> 7146.5868
B6: BITCOIN (BTC) | E6: Valeur globale | G6: =BTC!H5 -> 6972.8115 | I6: Polkadot (DOT) | L6: Valeur globale | N6: =DOT!F4 -> 7847.4738 | P6: BNB ( Stacking) | S6: Montant | U6: 0.12617912
E8: Gain/Perte | G8: =BTC!I27 -> -27.188531 | L8: Gain/Perte | N8: =DOT!G26 -> 847.47378 | S8: Valeur globale | U8: =U6*P9 -> 59.724363
B9: ='EUR Prix'!D7 -> 43329.17 | I9: ='EUR Prix'!D13 -> 23.52 | P9: ='EUR Prix'!D15 -> 473.33
E10: % | G10: =BTC!J27 -> -0.0038840759 | L10: % | N10: =DOT!H26 -> 0.12106768
B11: CARDANO (ADA) | E11: Valeur globale | G11: =ADA!F4 -> 7029.4118
E13: Gain/Perte | G13: =ADA!G26 -> 29.411765
B14: ='EUR Prix'!D10 -> 1.195
E15: % | G15: =ADA!H26 -> 0.0042016807
B16: SOLANA (SOL) | E16: Valeur globale | G16: =SOL!F4 -> 6872.7273
E18: Gain/Perte | G18: =SOL!G26 -> -127.27273
B19: =pricemulti_fsyms_BTC_ETH_SOL_ADA_CRV_MATIC_DOT_USDT_BNB_tsyms_USDT_EUR_api_key_b[[#This Row],[Value.EUR]] -> #VALUE!
E20: % | G20: =SOL!H26 -> -0.018181818
B21: Curve DAO Token (CRV) | E21: Valeur globale | G21: =CRV!F4 -> 0
E23: Gain/Perte | G23: =CRV!G26 -> 0
B24: ='EUR Prix'!D11 -> 4.377 | D24: ='EUR Prix'!C11 -> 4.945
E25: % | G25: =CRV!H26 -> 0
B26: ETHERUM (ETH) | E26: Valeur globale | G26: =ETH!F4 -> 7604.2315
E28: Gain/Perte | G28: =ETH!G26 -> 604.2315
B29: ='EUR Prix'!D8 -> 3557.14
E30: % | G30: =ETH!H26 -> 0.086318786
B31: POLYGON (MATIC) | E31: Valeur globale | G31: =MATIC!F4 -> 8958.427
E33: Gain/Perte | G33: =MATIC!G26 -> 1958.427
B34: ='EUR Prix'!D12 -> 2.278
E35: % | G35: =MATIC!H26 -> 0

Sheet BTC
D5: Prix actuel | F5: VALEUR TOTAL | H5: =H14+H15+H16+H17+H18+H19+H20+H21+H22+H23+H24+H25+H26 -> 6972.8115 | N5: HISTORIQUE
D6: ='EUR Prix'!D7 -> 43329.17
D7: ACTIF EN COURS
N9: Date | O9: prix achat | P9: montant € | Q9: Montant | R9: Valeur pré | S9: Valeur vente | T9: Gain/perte | U9: % | V9: Prix vente
D10: BTC | N10: 44539 | O10: 43498.12 | P10: 7000 | Q10: =P10/O10 -> 0.1609265 | R10: =P10 -> 7000 | S10: =Q10*41270.91 -> 6641.5829 | T10: =S10-R10 -> -358.4171 | U10: =(S10-R10)/R10 -> -0.051202443
T11: =S11-R11 -> 0 | U11: =(S11-R11)/R11 -> #DIV/0!
R12: =O12 -> 0 | T12: =S12-R12 -> 0 | U12: =(S12-R12)/R12 -> #DIV/0!
D13: prix achat | E13: montant € | F13: Montant | G13: Valeur pré | H13: Valeut act | I13: Gain/perte | J13: % | R13: =O13 -> 0 | T13: =S13-R13 -> 0 | U13: =(S13-R13)/R13 -> #DIV/0!
C14: 1 | D14: 43498.12 | E14: 7000 | F14: =E14/D14 -> 0.1609265 | G14: =E14 -> 7000 | H14: =E14*D6/D14 -> 6972.8115 | I14: =H14-G14 -> -27.188531 | J14: =(H14-G14)/G14 -> -0.0038840759 | R14: =O14 -> 0 | T14: =S14-R14 -> 0 | U14: =(S14-R14)/R14 -> #DIV/0!
C15: 2 | F15: =E15/D15 -> #DIV/0! | I15: =H15-G15 -> 0 | R15: =O15 -> 0 | T15: =S15-R15 -> 0 | U15: =(S15-R15)/R15 -> #DIV/0!
C16: 3 | F16: =E16/D16 -> #DIV/0! | G16: =E16 -> 0 | I16: =H16-G16 -> 0 | R16: =O16 -> 0 | T16: =S16-R16 -> 0 | U16: =(S16-R16)/R16 -> #DIV/0!
C17: 4 | F17: =E17/D17 -> #DIV/0! | G17: =E17 -> 0 | I17: =H17-G17 -> 0 | R17: =O17 -> 0 | T17: =S17-R17 -> 0 | U17: =(S17-R17)/R17 -> #DIV/0!
C18: 5 | F18: =E18/D18 -> #DIV/0! | G18: =E18 -> 0 | I18: =H18-G18 -> 0 | R18: =O18 -> 0 | T18: =S18-R18 -> 0 | U18: =(S18-R18)/R18 -> #DIV/0!
C19: 6 | F19: =E19/D19 -> #DIV/0! | G19: =E19 -> 0 | I19: =H19-G19 -> 0 | R19: =O19 -> 0 | T19: =S19-R19 -> 0 | U19: =(S19-R19)/R19 -> #DIV/0!
C20: 7 | F20: =E20/D20 -> #DIV/0! | G20: =E20 -> 0 | I20: =H20-G20 -> 0 | R20: =O20 -> 0 | T20: =S20-R20 -> 0 | U20: =(S20-R20)/R20 -> #DIV/0!
C21: 8 | F21: =E21/D21 -> #DIV/0! | G21: =E21 -> 0 | I21: =H21-G21 -> 0 | R21: =O21 -> 0 | T21: =S21-R21 -> 0 | U21: =(S21-R21)/R21 -> #DIV/0!
C22: 9 | F22: =E22/D22 -> #DIV/0! | G22: =E22 -> 0 | I22: =H22-G22 -> 0 | R22: =O22 -> 0 | T22: =S22-R22 -> 0 | U22: =(S22-R22)/R22 -> #DIV/0!
C23: 10 | F23: =E23/D23 -> #DIV/0! | G23: =E23 -> 0 | I23: =H23-G23 -> 0 | R23: =O23 -> 0 | T23: =S23-R23 -> 0 | U23: =(S23-R23)/R23 -> #DIV/0!
C24: 11 | F24: =E24/D24 -> #DIV/0! | G24: =E24 -> 0 | I24: =H24-G24 -> 0 | R24: =O24 -> 0 | T24: =S24-R24 -> 0 | U24: =(S24-R24)/R24 -> #DIV/0!
C25: 12 | F25: =E25/D25 -> #DIV/0! | G25: =E25 -> 0 | I25: =H25-G25 -> 0 | R25: =O25 -> 0 | T25: =S25-R25 -> 0 | U25: =(S25-R25)/R25 -> #DIV/0!
C26: 13 | F26: =E26/D26 -> #DIV/0! | G26: =E26 -> 0 | I26: =H26-G26 -> 0 | R26: =O26 -> 0 | T26: =S26-R26 -> 0 | U26: =(S26-R26)/R26 -> #DIV/0!
G27: TOTAL | I27: =I14+I15+I16+I17+I18+I19+I20+I21+I22+I23+I24+I25+I26 -> -27.188531 | J27: =J14+J15+J16+J17+J18+J19+J20+J21+J22+J23+J24+J25+J26 -> -0.0038840759 | R27: =O27 -> 0 | T27: =S27-R27 -> 0 | U27: =(S27-R27)/R27 -> #DIV/0!
R28: =O28 -> 0 | T28: =S28-R28 -> 0 | U28: =(S28-R28)/R28 -> #DIV/0!

Sheet ETH
B4: Prix actuel | D4: VALEUR TOTAL | F4: =F13+F14+F15+F16+F17+F18+F19+F20+F21+F22+F23+F24+F25 -> 7604.2315
B5: ='EUR Prix'!D8 -> 3557.14 | L5: HISTORIQUE
B6: ACTIF EN COURS
B9: ETH | L9: Date | M9: prix achat | N9: montant € | O9: Montant | P9: Valeur pré | Q9: Valeur vente | R9: Gain/perte | S9: % | T9: Prix vente
L10: 44539 | M10: 3274.49 | N10: 7000 | O10: =N10/M10 -> 2.1377375 | P10: =N10 -> 7000 | Q10: =O10*3401.47 -> 7271.4499 | R10: =Q10-P10 -> 271.44991 | S10: =(Q10-P10)/P10 -> 0.038778558
R11: =Q11-P11 -> 0 | S11: =(Q11-P11)/P11 -> #DIV/0!
B12: prix achat | C12: montant € | D12: Montant | E12: Valeur pré | F12: Valeut act | G12: Gain/perte | H12: % | P12: =M12 -> 0 | R12: =Q12-P12 -> 0 | S12: =(Q12-P12)/P12 -> #DIV/0!
A13: 1 | B13: 3274.49 | C13: 7000 | D13: =C13/B13 -> 2.1377375 | E13: =C13 -> 7000 | F13: =C13*B5/B13 -> 7604.2315 | G13: =F13-E13 -> 604.2315 | H13: =(F13-E13)/E13 -> 0.086318786 | P13: =M13 -> 0 | R13: =Q13-P13 -> 0 | S13: =(Q13-P13)/P13 -> #DIV/0!
A14: 2 | D14: =C14/B14 -> #DIV/0! | E14: =C14 -> 0 | G14: =F14-E14 -> 0 | P14: =M14 -> 0 | R14: =Q14-P14 -> 0 | S14: =(Q14-P14)/P14 -> #DIV/0!
A15: 3 | D15: =C15/B15 -> #DIV/0! | E15: =C15 -> 0 | G15: =F15-E15 -> 0 | P15: =M15 -> 0 | R15: =Q15-P15 -> 0 | S15: =(Q15-P15)/P15 -> #DIV/0!
A16: 4 | D16: =C16/B16 -> #DIV/0! | E16: =C16 -> 0 | G16: =F16-E16 -> 0 | P16: =M16 -> 0 | R16: =Q16-P16 -> 0 | S16: =(Q16-P16)/P16 -> #DIV/0!
A17: 5 | D17: =C17/B17 -> #DIV/0! | E17: =C17 -> 0 | G17: =F17-E17 -> 0 | P17: =M17 -> 0 | R17: =Q17-P17 -> 0 | S17: =(Q17-P17)/P17 -> #DIV/0!
A18: 6 | D18: =C18/B18 -> #DIV/0! | E18: =C18 -> 0 | G18: =F18-E18 -> 0 | P18: =M18 -> 0 | R18: =Q18-P18 -> 0 | S18: =(Q18-P18)/P18 -> #DIV/0!
A19: 7 | D19: =C19/B19 -> #DIV/0! | E19: =C19 -> 0 | G19: =F19-E19 -> 0 | P19: =M19 -> 0 | R19: =Q19-P19 -> 0 | S19: =(Q19-P19)/P19 -> #DIV/0!
A20: 8 | D20: =C20/B20 -> #DIV/0! | E20: =C20 -> 0 | G20: =F20-E20 -> 0 | P20: =M20 -> 0 | R20: =Q20-P20 -> 0 | S20: =(Q20-P20)/P20 -> #DIV/0!
A21: 9 | D21: =C21/B21 -> #DIV/0! | E21: =C21 -> 0 | G21: =F21-E21 -> 0 | P21: =M21 -> 0 | R21: =Q21-P21 -> 0 | S21: =(Q21-P21)/P21 -> #DIV/0!
A22: 10 | D22: =C22/B22 -> #DIV/0! | E22: =C22 -> 0 | G22: =F22-E22 -> 0 | P22: =M22 -> 0 | R22: =Q22-P22 -> 0 | S22: =(Q22-P22)/P22 -> #DIV/0!
A23: 11 | D23: =C23/B23 -> #DIV/0! | E23: =C23 -> 0 | G23: =F23-E23 -> 0 | P23: =M23 -> 0 | R23: =Q23-P23 -> 0 | S23: =(Q23-P23)/P23 -> #DIV/0!
A24: 12 | D24: =C24/B24 -> #DIV/0! | E24: =C24 -> 0 | G24: =F24-E24 -> 0 | P24: =M24 -> 0 | R24: =Q24-P24 -> 0 | S24: =(Q24-P24)/P24 -> #DIV/0!
A25: 13 | D25: =C25/B25 -> #DIV/0! | E25: =C25 -> 0 | G25: =F25-E25 -> 0 | P25: =M25 -> 0 | R25: =Q25-P25 -> 0 | S25: =(Q25-P25)/P25 -> #DIV/0!
E26: TOTAL | G26: =G13+G14+G15+G16+G17+G18+G19+G20+G21+G22+G23+G24+G25 -> 604.2315 | H26: =H13+H14+H15+H16+H17+H18+H19+H20+H21+H22+H23+H24+H25 -> 0.086318786 | P26: =M26 -> 0 | R26: =Q26-P26 -> 0 | S26: =(Q26-P26)/P26 -> #DIV/0!
P27: =M27 -> 0 | R27: =Q27-P27 -> 0 | S27: =(Q27-P27)/P27 -> #DIV/0!
P28: =M28 -> 0 | R28: =Q28-P28 -> 0 | S28: =(Q28-P28)/P28 -> #DIV/0!
P29: =M29 -> 0 | R29: =Q29-P29 -> 0 | S29: =(Q29-P29)/P29 -> #DIV/0!
P30: =M30 -> 0 | R30: =Q30-P30 -> 0 | S30: =(Q30-P30)/P30 -> #DIV/0!
P31: =M31 -> 0 | R31: =Q31-P31 -> 0 | S31: =(Q31-P31)/P31 -> #DIV/0!

Sheet SOL
B4: Prix actuel | D4: VALEUR TOTAL | F4: =F13+F14+F15+F16+F17+F18+F19+F20+F21+F22+F23+F24+F25 -> 6872.7273 | L4: HISTORIQUE
B5: ='EUR Prix'!D9 -> 163.62
B6: ACTIF EN COURS
L8: Date | M8: prix achat | N8: montant € | O8: Montant | P8: Valeur pré | Q8: Valeur vente | R8: Gain/perte | S8: % | T8: Prix vente
B9: SOL | L9: 44539 | M9: 166.65 | N9: 7000 | O9: =N9/M9 -> 42.0042 | P9: =N9 -> 7000 | Q9: =O9*157.31 -> 6607.6808 | R9: =Q9-P9 -> -392.31923 | S9: =(Q9-P9)/P9 -> -0.056045605
R10: =Q10-P10 -> 0 | S10: =(Q10-P10)/P10 -> #DIV/0!
P11: =M11 -> 0 | R11: =Q11-P11 -> 0 | S11: =(Q11-P11)/P11 -> #DIV/0!
B12: prix achat | C12: montant € | D12: Montant | E12: Valeur pré | F12: Valeut act | G12: Gain/perte | H12: % | P12: =M12 -> 0 | R12: =Q12-P12 -> 0 | S12: =(Q12-P12)/P12 -> #DIV/0!
A13: 1 | B13: 166.65 | C13: 7000 | D13: =C13/B13 -> 42.0042 | E13: =C13 -> 7000 | F13: =C13*B5/B13 -> 6872.7273 | G13: =F13-E13 -> -127.27273 | H13: =(F13-E13)/E13 -> -0.018181818 | P13: =M13 -> 0 | R13: =Q13-P13 -> 0 | S13: =(Q13-P13)/P13 -> #DIV/0!
A14: 2 | D14: =C14/B14 -> #DIV/0! | E14: =C14 -> 0 | G14: =F14-E14 -> 0 | P14: =M14 -> 0 | R14: =Q14-P14 -> 0 | S14: =(Q14-P14)/P14 -> #DIV/0!
A15: 3 | D15: =C15/B15 -> #DIV/0! | E15: =C15 -> 0 | G15: =F15-E15 -> 0 | P15: =M15 -> 0 | R15: =Q15-P15 -> 0 | S15: =(Q15-P15)/P15 -> #DIV/0!
A16: 4 | D16: =C16/B16 -> #DIV/0! | E16: =C16 -> 0 | G16: =F16-E16 -> 0 | P16: =M16 -> 0 | R16: =Q16-P16 -> 0 | S16: =(Q16-P16)/P16 -> #DIV/0!
A17: 5 | D17: =C17/B17 -> #DIV/0! | E17: =C17 -> 0 | G17: =F17-E17 -> 0 | P17: =M17 -> 0 | R17: =Q17-P17 -> 0 | S17: =(Q17-P17)/P17 -> #DIV/0!
A18: 6 | D18: =C18/B18 -> #DIV/0! | E18: =C18 -> 0 | G18: =F18-E18 -> 0 | P18: =M18 -> 0 | R18: =Q18-P18 -> 0 | S18: =(Q18-P18)/P18 -> #DIV/0!
A19: 7 | D19: =C19/B19 -> #DIV/0! | E19: =C19 -> 0 | G19: =F19-E19 -> 0 | P19: =M19 -> 0 | R19: =Q19-P19 -> 0 | S19: =(Q19-P19)/P19 -> #DIV/0!
A20: 8 | D20: =C20/B20 -> #DIV/0! | E20: =C20 -> 0 | G20: =F20-E20 -> 0 | P20: =M20 -> 0 | R20: =Q20-P20 -> 0 | S20: =(Q20-P20)/P20 -> #DIV/0!
A21: 9 | D21: =C21/B21 -> #DIV/0! | E21: =C21 -> 0 | G21: =F21-E21 -> 0 | P21: =M21 -> 0 | R21: =Q21-P21 -> 0 | S21: =(Q21-P21)/P21 -> #DIV/0!
A22: 10 | D22: =C22/B22 -> #DIV/0! | E22: =C22 -> 0 | G22: =F22-E22 -> 0 | P22: =M22 -> 0 | R22: =Q22-P22 -> 0 | S22: =(Q22-P22)/P22 -> #DIV/0!
A23: 11 | D23: =C23/B23 -> #DIV/0! | E23: =C23 -> 0 | G23: =F23-E23 -> 0 | P23: =M23 -> 0 | R23: =Q23-P23 -> 0 | S23: =(Q23-P23)/P23 -> #DIV/0!
A24: 12 | D24: =C24/B24 -> #DIV/0! | E24: =C24 -> 0 | G24: =F24-E24 -> 0 | P24: =M24 -> 0 | R24: =Q24-P24 -> 0 | S24: =(Q24-P24)/P24 -> #DIV/0!
A25: 13 | D25: =C25/B25 -> #DIV/0! | E25: =C25 -> 0 | G25: =F25-E25 -> 0 | P25: =M25 -> 0 | R25: =Q25-P25 -> 0 | S25: =(Q25-P25)/P25 -> #DIV/0!
E26: TOTAL | G26: =G13+G14+G15+G16+G17+G18+G19+G20+G21+G22+G23+G24+G25 -> -127.27273 | H26: =H13+H14+H15+H16+H17+H18+H19+H20+H21+H22+H23+H24+H25 -> -0.018181818 | P26: =M26 -> 0 | R26: =Q26-P26 -> 0 | S26: =(Q26-P26)/P26 -> #DIV/0!
P27: =M27 -> 0 | R27: =Q27-P27 -> 0 | S27: =(Q27-P27)/P27 -> #DIV/0!
P28: =M28 -> 0 | R28: =Q28-P28 -> 0 | S28: =(Q28-P28)/P28 -> #DIV/0!
P29: =M29 -> 0 | R29: =Q29-P29 -> 0 | S29: =(Q29-P29)/P29 -> #DIV/0!
P30: =M30 -> 0 | R30: =Q30-P30 -> 0 | S30: =(Q30-P30)/P30 -> #DIV/0!

Sheet DOT
B4: Prix actuel | D4: VALEUR TOTAL | F4: =F13+F14+F15+F16+F17+F18+F19+F20+F21+F22+F23+F24+F25 -> 7847.4738
B5: ='EUR Prix'!D13 -> 23.52 | L5: HISTORIQUE
B6: ACTIF EN COURS
B9: DOT | L9: Date | M9: prix achat | N9: montant € | O9: Montant | P9: Valeur pré | Q9: Valeur vente | R9: Gain/perte | S9: % | T9: Prix vente
L10: 44539 | M10: 20.98 | N10: 7000 | O10: =N10/M10 -> 333.6511 | P10: =N10 -> 7000 | Q10: =O10*22.16 -> 7393.7083 | R10: =Q10-P10 -> 393.70829 | S10: =(Q10-P10)/P10 -> 0.056244042
R11: =Q11-P11 -> 0 | S11: =(Q11-P11)/P11 -> #DIV/0!
B12: prix achat | C12: montant € | D12: Montant | E12: Valeur pré | F12: Valeut act | G12: Gain/perte | H12: % | P12: =M12 -> 0 | R12: =Q12-P12 -> 0 | S12: =(Q12-P12)/P12 -> #DIV/0!
A13: 1 | B13: 20.98 | C13: 7000 | D13: =C13/B13 -> 333.6511 | E13: =C13 -> 7000 | F13: =C13*B5/B13 -> 7847.4738 | G13: =F13-E13 -> 847.47378 | H13: =(F13-E13)/E13 -> 0.12106768 | P13: =M13 -> 0 | R13: =Q13-P13 -> 0 | S13: =(Q13-P13)/P13 -> #DIV/0!
A14: 2 | D14: =C14/B14 -> #DIV/0! | E14: =C14 -> 0 | G14: =F14-E14 -> 0 | P14: =M14 -> 0 | R14: =Q14-P14 -> 0 | S14: =(Q14-P14)/P14 -> #DIV/0!
A15: 3 | D15: =C15/B15 -> #DIV/0! | E15: =C15 -> 0 | G15: =F15-E15 -> 0 | P15: =M15 -> 0 | R15: =Q15-P15 -> 0 | S15: =(Q15-P15)/P15 -> #DIV/0!
A16: 4 | D16: =C16/B16 -> #DIV/0! | E16: =C16 -> 0 | G16: =F16-E16 -> 0 | P16: =M16 -> 0 | R16: =Q16-P16 -> 0 | S16: =(Q16-P16)/P16 -> #DIV/0!
A17: 5 | D17: =C17/B17 -> #DIV/0! | E17: =C17 -> 0 | G17: =F17-E17 -> 0 | P17: =M17 -> 0 | R17: =Q17-P17 -> 0 | S17: =(Q17-P17)/P17 -> #DIV/0!
A18: 6 | D18: =C18/B18 -> #DIV/0! | E18: =C18 -> 0 | G18: =F18-E18 -> 0 | P18: =M18 -> 0 | R18: =Q18-P18 -> 0 | S18: =(Q18-P18)/P18 -> #DIV/0!
A19: 7 | D19: =C19/B19 -> #DIV/0! | E19: =C19 -> 0 | G19: =F19-E19 -> 0 | P19: =M19 -> 0 | R19: =Q19-P19 -> 0 | S19: =(Q19-P19)/P19 -> #DIV/0!
A20: 8 | D20: =C20/B20 -> #DIV/0! | E20: =C20 -> 0 | G20: =F20-E20 -> 0 | P20: =M20 -> 0 | R20: =Q20-P20 -> 0 | S20: =(Q20-P20)/P20 -> #DIV/0!
A21: 9 | D21: =C21/B21 -> #DIV/0! | E21: =C21 -> 0 | G21: =F21-E21 -> 0 | P21: =M21 -> 0 | R21: =Q21-P21 -> 0 | S21: =(Q21-P21)/P21 -> #DIV/0!
A22: 10 | D22: =C22/B22 -> #DIV/0! | E22: =C22 -> 0 | G22: =F22-E22 -> 0 | P22: =M22 -> 0 | R22: =Q22-P22 -> 0 | S22: =(Q22-P22)/P22 -> #DIV/0!
A23: 11 | D23: =C23/B23 -> #DIV/0! | E23: =C23 -> 0 | G23: =F23-E23 -> 0 | P23: =M23 -> 0 | R23: =Q23-P23 -> 0 | S23: =(Q23-P23)/P23 -> #DIV/0!
A24: 12 | D24: =C24/B24 -> #DIV/0! | E24: =C24 -> 0 | G24: =F24-E24 -> 0 | P24: =M24 -> 0 | R24: =Q24-P24 -> 0 | S24: =(Q24-P24)/P24 -> #DIV/0!
A25: 13 | D25: =C25/B25 -> #DIV/0! | E25: =C25 -> 0 | G25: =F25-E25 -> 0 | P25: =M25 -> 0 | R25: =Q25-P25 -> 0 | S25: =(Q25-P25)/P25 -> #DIV/0!
E26: TOTAL | G26: =G13+G14+G15+G16+G17+G18+G19+G20+G21+G22+G23+G24+G25 -> 847.47378 | H26: =H13+H14+H15+H16+H17+H18+H19+H20+H21+H22+H23+H24+H25 -> 0.12106768 | P26: =M26 -> 0 | R26: =Q26-P26 -> 0 | S26: =(Q26-P26)/P26 -> #DIV/0!
P27: =M27 -> 0 | R27: =Q27-P27 -> 0 | S27: =(Q27-P27)/P27 -> #DIV/0!
P28: =M28 -> 0 | R28: =Q28-P28 -> 0 | S28: =(Q28-P28)/P28 -> #DIV/0!
P29: =M29 -> 0 | R29: =Q29-P29 -> 0 | S29: =(Q29-P29)/P29 -> #DIV/0!
P30: =M30 -> 0 | R30: =Q30-P30 -> 0 | S30: =(Q30-P30)/P30 -> #DIV/0!
P31: =M31 -> 0 | R31: =Q31-P31 -> 0 | S31: =(Q31-P31)/P31 -> #DIV/0!

Sheet ADA
B4: Prix actuel | D4: VALEUR TOTAL | F4: =F13+F14+F15+F16+F17+F18+F19+F20+F21+F22+F23+F24+F25 -> 7029.4118 | L4: HISTORIQUE
B5: ='EUR Prix'!D10 -> 1.195
B6: ACTIF EN COURS
L8: Date | M8: prix achat | N8: montant € | O8: Montant | P8: Valeur pré | Q8: Valeur vente | R8: Gain/perte | S8: % | T8: Prix vente
B9: ADA | L9: 44539 | M9: 1.19 | N9: 7000 | O9: =N9/M9 -> 5882.3529 | P9: =N9 -> 7000 | Q9: =O9*1.09 -> 6411.7647 | R9: =Q9-P9 -> -588.23529 | S9: =(Q9-P9)/P9 -> -0.084033613
R10: =Q10-P10 -> 0 | S10: =(Q10-P10)/P10 -> #DIV/0!
P11: =M11 -> 0 | R11: =Q11-P11 -> 0 | S11: =(Q11-P11)/P11 -> #DIV/0!
B12: prix achat | C12: montant € | D12: Montant | E12: Valeur pré | F12: Valeut act | G12: Gain/perte | H12: % | P12: =M12 -> 0 | R12: =Q12-P12 -> 0 | S12: =(Q12-P12)/P12 -> #DIV/0!
A13: 1 | B13: 1.19 | C13: 7000 | D13: =C13/B13 -> 5882.3529 | E13: =C13 -> 7000 | F13: =C13*B5/B13 -> 7029.4118 | G13: =F13-E13 -> 29.411765 | H13: =(F13-E13)/E13 -> 0.0042016807 | P13: =M13 -> 0 | R13: =Q13-P13 -> 0 | S13: =(Q13-P13)/P13 -> #DIV/0!
A14: 2 | D14: =C14/B14 -> #DIV/0! | E14: =C14 -> 0 | G14: =F14-E14 -> 0 | P14: =M14 -> 0 | R14: =Q14-P14 -> 0 | S14: =(Q14-P14)/P14 -> #DIV/0!
A15: 3 | D15: =C15/B15 -> #DIV/0! | E15: =C15 -> 0 | G15: =F15-E15 -> 0 | P15: =M15 -> 0 | R15: =Q15-P15 -> 0 | S15: =(Q15-P15)/P15 -> #DIV/0!
A16: 4 | D16: =C16/B16 -> #DIV/0! | E16: =C16 -> 0 | G16: =F16-E16 -> 0 | P16: =M16 -> 0 | R16: =Q16-P16 -> 0 | S16: =(Q16-P16)/P16 -> #DIV/0!
A17: 5 | D17: =C17/B17 -> #DIV/0! | E17: =C17 -> 0 | G17: =F17-E17 -> 0 | P17: =M17 -> 0 | R17: =Q17-P17 -> 0 | S17: =(Q17-P17)/P17 -> #DIV/0!
A18: 6 | D18: =C18/B18 -> #DIV/0! | E18: =C18 -> 0 | G18: =F18-E18 -> 0 | P18: =M18 -> 0 | R18: =Q18-P18 -> 0 | S18: =(Q18-P18)/P18 -> #DIV/0!
A19: 7 | D19: =C19/B19 -> #DIV/0! | E19: =C19 -> 0 | G19: =F19-E19 -> 0 | P19: =M19 -> 0 | R19: =Q19-P19 -> 0 | S19: =(Q19-P19)/P19 -> #DIV/0!
A20: 8 | D20: =C20/B20 -> #DIV/0! | E20: =C20 -> 0 | G20: =F20-E20 -> 0 | P20: =M20 -> 0 | R20: =Q20-P20 -> 0 | S20: =(Q20-P20)/P20 -> #DIV/0!
A21: 9 | D21: =C21/B21 -> #DIV/0! | E21: =C21 -> 0 | G21: =F21-E21 -> 0 | P21: =M21 -> 0 | R21: =Q21-P21 -> 0 | S21: =(Q21-P21)/P21 -> #DIV/0!
A22: 10 | D22: =C22/B22 -> #DIV/0! | E22: =C22 -> 0 | G22: =F22-E22 -> 0 | P22: =M22 -> 0 | R22: =Q22-P22 -> 0 | S22: =(Q22-P22)/P22 -> #DIV/0!
A23: 11 | D23: =C23/B23 -> #DIV/0! | E23: =C23 -> 0 | G23: =F23-E23 -> 0 | P23: =M23 -> 0 | R23: =Q23-P23 -> 0 | S23: =(Q23-P23)/P23 -> #DIV/0!
A24: 12 | D24: =C24/B24 -> #DIV/0! | E24: =C24 -> 0 | G24: =F24-E24 -> 0 | P24: =M24 -> 0 | R24: =Q24-P24 -> 0 | S24: =(Q24-P24)/P24 -> #DIV/0!
A25: 13 | D25: =C25/B25 -> #DIV/0! | E25: =C25 -> 0 | G25: =F25-E25 -> 0 | P25: =M25 -> 0 | R25: =Q25-P25 -> 0 | S25: =(Q25-P25)/P25 -> #DIV/0!
E26: TOTAL | G26: =G13+G14+G15+G16+G17+G18+G19+G20+G21+G22+G23+G24+G25 -> 29.411765 | H26: =H13+H14+H15+H16+H17+H18+H19+H20+H21+H22+H23+H24+H25 -> 0.0042016807 | P26: =M26 -> 0 | R26: =Q26-P26 -> 0 | S26: =(Q26-P26)/P26 -> #DIV/0!
P27: =M27 -> 0 | R27: =Q27-P27 -> 0 | S27: =(Q27-P27)/P27 -> #DIV/0!
P28: =M28 -> 0 | R28: =Q28-P28 -> 0 | S28: =(Q28-P28)/P28 -> #DIV/0!
P29: =M29 -> 0 | R29: =Q29-P29 -> 0 | S29: =(Q29-P29)/P29 -> #DIV/0!
P30: =M30 -> 0 | R30: =Q30-P30 -> 0 | S30: =(Q30-P30)/P30 -> #DIV/0!

Sheet CRV
B3: Prix actuel
B4: ='EUR Prix'!D11 -> 4.377 | D4: VALEUR TOTAL | F4: =F14+F13+F15+F16+F17+F18+F19+F20+F21+F22+F23+F24+F25 -> 0 | L4: HISTORIQUE
B5: ='EUR Prix'!C11 -> 4.945
B6: ACTIF EN COURS
L8: Date | M8: prix achat | N8: montant € | O8: Montant | P8: Valeur pré | Q8: Valeur vente | R8: Gain/perte | S8: % | T8: Prix vente € | U8: prix vente $
B9: CRV | L9: 44539 | M9: 3.73 | N9: 7000 | O9: =N9/M9 -> 1876.6756 | P9: =N9 -> 7000 | Q9: =O9*4.08 -> 7656.8365 | R9: =Q9-P9 -> 656.83646 | S9: =(Q9-P9)/P9 -> 0.09383378 | T9: =U9*0.89 -> 4.0762 | U9: 4.58
L10: 44552 | M10: 3.86 | N10: 7656.84 | O10: 1983.64 | P10: =N10 -> 7656.84 | Q10: =4.07*O10 -> 8073.4148 | R10: =Q10-P10 -> 416.5748 | S10: =(Q10-P10)/P10 -> 0.054405577 | T10: =U10*0.89 -> 4.0762 | U10: 4.58
P11: =M11 -> 0 | R11: =Q11-P11 -> 0 | S11: =(Q11-P11)/P11 -> #DIV/0!
B12: prix achat | C12: montant € | D12: Montant | E12: Valeur pré | F12: Valeut act | G12: Gain/perte | H12: % | P12: =M12 -> 0 | R12: =Q12-P12 -> 0 | S12: =(Q12-P12)/P12 -> #DIV/0!
A13: 1 | D13: =C13/B13 -> #DIV/0! | E13: =C13 -> 0 | G13: =F13-E13 -> 0 | P13: =M13 -> 0 | R13: =Q13-P13 -> 0 | S13: =(Q13-P13)/P13 -> #DIV/0!
A14: 2 | D14: =C14/B14 -> #DIV/0! | E14: =C14 -> 0 | G14: =F14-E14 -> 0 | P14: =M14 -> 0 | R14: =Q14-P14 -> 0 | S14: =(Q14-P14)/P14 -> #DIV/0!
A15: 3 | D15: =C15/B15 -> #DIV/0! | E15: =C15 -> 0 | G15: =F15-E15 -> 0 | P15: =M15 -> 0 | R15: =Q15-P15 -> 0 | S15: =(Q15-P15)/P15 -> #DIV/0!
A16: 4 | D16: =C16/B16 -> #DIV/0! | E16: =C16 -> 0 | G16: =F16-E16 -> 0 | P16: =M16 -> 0 | R16: =Q16-P16 -> 0 | S16: =(Q16-P16)/P16 -> #DIV/0!
A17: 5 | D17: =C17/B17 -> #DIV/0! | E17: =C17 -> 0 | G17: =F17-E17 -> 0 | P17: =M17 -> 0 | R17: =Q17-P17 -> 0 | S17: =(Q17-P17)/P17 -> #DIV/0!
A18: 6 | D18: =C18/B18 -> #DIV/0! | E18: =C18 -> 0 | G18: =F18-E18 -> 0 | P18: =M18 -> 0 | R18: =Q18-P18 -> 0 | S18: =(Q18-P18)/P18 -> #DIV/0!
A19: 7 | D19: =C19/B19 -> #DIV/0! | E19: =C19 -> 0 | G19: =F19-E19 -> 0 | P19: =M19 -> 0 | R19: =Q19-P19 -> 0 | S19: =(Q19-P19)/P19 -> #DIV/0!
A20: 8 | D20: =C20/B20 -> #DIV/0! | E20: =C20 -> 0 | G20: =F20-E20 -> 0 | P20: =M20 -> 0 | R20: =Q20-P20 -> 0 | S20: =(Q20-P20)/P20 -> #DIV/0!
A21: 9 | D21: =C21/B21 -> #DIV/0! | E21: =C21 -> 0 | G21: =F21-E21 -> 0 | P21: =M21 -> 0 | R21: =Q21-P21 -> 0 | S21: =(Q21-P21)/P21 -> #DIV/0!
A22: 10 | D22: =C22/B22 -> #DIV/0! | E22: =C22 -> 0 | G22: =F22-E22 -> 0 | P22: =M22 -> 0 | R22: =Q22-P22 -> 0 | S22: =(Q22-P22)/P22 -> #DIV/0!
A23: 11 | D23: =C23/B23 -> #DIV/0! | E23: =C23 -> 0 | G23: =F23-E23 -> 0 | P23: =M23 -> 0 | R23: =Q23-P23 -> 0 | S23: =(Q23-P23)/P23 -> #DIV/0!
A24: 12 | D24: =C24/B24 -> #DIV/0! | E24: =C24 -> 0 | G24: =F24-E24 -> 0 | P24: =M24 -> 0 | R24: =Q24-P24 -> 0 | S24: =(Q24-P24)/P24 -> #DIV/0!
A25: 13 | D25: =C25/B25 -> #DIV/0! | E25: =C25 -> 0 | G25: =F25-E25 -> 0 | P25: =M25 -> 0 | R25: =Q25-P25 -> 0 | S25: =(Q25-P25)/P25 -> #DIV/0!
E26: TOTAL | G26: =G14+G13+G15+G16+G17+G18+G19+G20+G21+G22+G23+G24+G25 -> 0 | H26: =+H14+H13+H15+H16+H17+H18+H19+H20+H21+H22+H23+H24+H25 -> 0 | P26: =M26 -> 0 | R26: =Q26-P26 -> 0 | S26: =(Q26-P26)/P26 -> #DIV/0!
P27: =M27 -> 0 | R27: =Q27-P27 -> 0 | S27: =(Q27-P27)/P27 -> #DIV/0!
P28: =M28 -> 0 | R28: =Q28-P28 -> 0 | S28: =(Q28-P28)/P28 -> #DIV/0!
P29: =M29 -> 0 | R29: =Q29-P29 -> 0 | S29: =(Q29-P29)/P29 -> #DIV/0!
P30: =M30 -> 0 | R30: =Q30-P30 -> 0 | S30: =(Q30-P30)/P30 -> #DIV/0!

Sheet MATIC
B4: Prix actuel | D4: VALEUR TOTAL | F4: =F13+F14+F15+F16+F17+F18+F19+F20+F21+F22+F23+F24+F25 -> 8958.427 | L4: HISTORIQUE
B5: ='EUR Prix'!D12 -> 2.278
B6: ACTIF EN COURS
L8: Date | M8: prix achat | N8: montant € | O8: Montant | P8: Valeur pré | Q8: Valeur vente | R8: Gain/perte | S8: % | T8: Prix vente
B9: MATIC | L9: 44539 | M9: 1.78 | N9: 7000 | O9: =N9/M9 -> 3932.5843 | P9: =N9 -> 7000 | T9: 2.278
R10: =Q10-P10 -> 0 | S10: =(Q10-P10)/P10 -> #DIV/0!
P11: =M11 -> 0 | R11: =Q11-P11 -> 0 | S11: =(Q11-P11)/P11 -> #DIV/0!
B12: prix achat | C12: montant € | D12: Montant | E12: Valeur pré | F12: Valeut act | G12: Gain/perte | H12: % | P12: =M12 -> 0 | R12: =Q12-P12 -> 0 | S12: =(Q12-P12)/P12 -> #DIV/0!
A13: 1 | B13: 1.78 | C13: 7000 | D13: =C13/B13 -> 3932.5843 | E13: =C13 -> 7000 | F13: =C13*B5/B13 -> 8958.427 | G13: =F13-E13 -> 1958.427 | P13: =M13 -> 0 | R13: =Q13-P13 -> 0 | S13: =(Q13-P13)/P13 -> #DIV/0!
A14: 2 | D14: =C14/B14 -> #DIV/0! | E14: =C14 -> 0 | G14: =F14-E14 -> 0 | P14: =M14 -> 0 | R14: =Q14-P14 -> 0 | S14: =(Q14-P14)/P14 -> #DIV/0!
A15: 3 | D15: =C15/B15 -> #DIV/0! | E15: =C15 -> 0 | G15: =F15-E15 -> 0 | P15: =M15 -> 0 | R15: =Q15-P15 -> 0 | S15: =(Q15-P15)/P15 -> #DIV/0!
A16: 4 | D16: =C16/B16 -> #DIV/0! | E16: =C16 -> 0 | G16: =F16-E16 -> 0 | P16: =M16 -> 0 | R16: =Q16-P16 -> 0 | S16: =(Q16-P16)/P16 -> #DIV/0!
A17: 5 | D17: =C17/B17 -> #DIV/0! | E17: =C17 -> 0 | G17: =F17-E17 -> 0 | P17: =M17 -> 0 | R17: =Q17-P17 -> 0 | S17: =(Q17-P17)/P17 -> #DIV/0!
A18: 6 | D18: =C18/B18 -> #DIV/0! | E18: =C18 -> 0 | G18: =F18-E18 -> 0 | P18: =M18 -> 0 | R18: =Q18-P18 -> 0 | S18: =(Q18-P18)/P18 -> #DIV/0!
A19: 7 | D19: =C19/B19 -> #DIV/0! | E19: =C19 -> 0 | G19: =F19-E19 -> 0 | P19: =M19 -> 0 | R19: =Q19-P19 -> 0 | S19: =(Q19-P19)/P19 -> #DIV/0!
A20: 8 | D20: =C20/B20 -> #DIV/0! | E20: =C20 -> 0 | G20: =F20-E20 -> 0 | P20: =M20 -> 0 | R20: =Q20-P20 -> 0 | S20: =(Q20-P20)/P20 -> #DIV/0!
A21: 9 | D21: =C21/B21 -> #DIV/0! | E21: =C21 -> 0 | G21: =F21-E21 -> 0 | P21: =M21 -> 0 | R21: =Q21-P21 -> 0 | S21: =(Q21-P21)/P21 -> #DIV/0!
A22: 10 | D22: =C22/B22 -> #DIV/0! | E22: =C22 -> 0 | G22: =F22-E22 -> 0 | P22: =M22 -> 0 | R22: =Q22-P22 -> 0 | S22: =(Q22-P22)/P22 -> #DIV/0!
A23: 11 | D23: =C23/B23 -> #DIV/0! | E23: =C23 -> 0 | G23: =F23-E23 -> 0 | P23: =M23 -> 0 | R23: =Q23-P23 -> 0 | S23: =(Q23-P23)/P23 -> #DIV/0!
A24: 12 | D24: =C24/B24 -> #DIV/0! | E24: =C24 -> 0 | G24: =F24-E24 -> 0 | P24: =M24 -> 0 | R24: =Q24-P24 -> 0 | S24: =(Q24-P24)/P24 -> #DIV/0!
A25: 13 | D25: =C25/B25 -> #DIV/0! | E25: =C25 -> 0 | G25: =F25-E25 -> 0 | P25: =M25 -> 0 | R25: =Q25-P25 -> 0 | S25: =(Q25-P25)/P25 -> #DIV/0!
E26: TOTAL | G26: =G13+G14+G15+G16+G17+G18+G19+G20+G21+G22+G23+G24+G25 -> 1958.427 | H26: =H13+H14+H15+H16+H17+H18+H19+H20+H21+H22+H23+H24+H25 -> 0 | P26: =M26 -> 0 | R26: =Q26-P26 -> 0 | S26: =(Q26-P26)/P26 -> #DIV/0!
P27: =M27 -> 0 | R27: =Q27-P27 -> 0 | S27: =(Q27-P27)/P27 -> #DIV/0!
P28: =M28 -> 0 | R28: =Q28-P28 -> 0 | S28: =(Q28-P28)/P28 -> #DIV/0!
P29: =M29 -> 0 | R29: =Q29-P29 -> 0 | S29: =(Q29-P29)/P29 -> #DIV/0!
P30: =M30 -> 0 | R30: =Q30-P30 -> 0 | S30: =(Q30-P30)/P30 -> #DIV/0!
